 Dungeon Crawl Stone Soup version 0.31.0-12-g77e489cdc1 (webtiles) character file.

Game seed: 6341866810963655515

111 McKennaii the Conjurer (level 4, 0/33 HPs)
             Began as a Demigod Conjurer on Feb 11, 2024.
             Succumbed to a scorpion's poison
             ... on level 3 of the Dungeon.
             The game lasted 00:02:48 (3344 turns).

McKennaii the Conjurer (Demigod Conjurer)           Turns: 3344, Time: 00:02:49

Health: 0/33       AC: 13    Str:  4    XL:     4   Next: 36%
Magic:  0/11       EV: 12    Int: 24    God:
Gold:   157        SH:  0    Dex: 12    Spells: 2/9 levels left

rFire   . . .        e - staff of death
rCold   . . .        (no shield)
rNeg    + . .        a - +0 robe
rPois   .            r - +0 helmet
rElec   .            (no cloak)
rCorr   .            v - +1 pair of gloves
SInv    .            (no boots)
Will    .....        (no amulet)
Stlth   ++           g - +4 ring of protection
HPRegen 0.25/turn    o - +4 ring of protection
MPRegen 0.12/turn

%: no passive effects
@: lethally poisoned (0 -> -5)
A: high MP 1, forlorn, divine attributes, talons 1, weak 2
a: no special abilities


You were on level 3 of the Dungeon.
You visited 1 branch of the dungeon, and saw 4 of its levels.

You collected 157 gold pieces.

Inventory:

Armour
 a - a +0 robe (worn)
 r - a +0 helmet (worn)
 v - a +1 pair of gloves (worn)
Magical Staves
 e - a staff of death (weapon)
Jewellery
 g - a +4 ring of protection (left hand)
 h - a ring of willpower
 l - a ring of positive energy
 o - a +4 ring of protection (right hand)
Scrolls
 j - a scroll of enchant weapon {unknown}
 m - 2 scrolls of teleportation {unknown}
 n - 2 scrolls of vulnerability {unknown}
 p - 2 scrolls of identify {unknown}
 t - a scroll of poison {unknown}
 u - a scroll of enchant armour {unknown}
Potions
 b - a potion of magic
 c - 2 potions of mutation
 i - a potion of degeneration {unknown}
 k - a potion of cancellation
 q - a potion of lignification {unknown}
 s - a potion of attraction {unknown}


   Skills:
 - Level 1.7 Dodging
 - Level 1.7 Stealth
 + Level 3.1 Spellcasting
 + Level 4.6 Conjurations


You had 2 spell levels left.
You knew the following spells:

 Your Spells              Type           Power      Damage    Failure   Level
a - Magic Dart            Conj           100%       1d8       1%          1
b - Searing Ray           Conj           52%        2d6       2%          2
c - Iskenderun's Mystic   Conj/Tloc      15%        2d5       38%         4

Your spell library contained the following spells:

 Spells                   Type           Power      Damage    Failure   Level
 Call Canine Familiar     Summ           3%         N/A       32%         3
 Sigil of Binding         Hex            3%         N/A       32%         3
 Fulminant Prism          Conj/Alch      7%         3d6       38%         4
 Dimensional Bullseye     Hex/Tloc       1%         N/A       71%         4


Dungeon Overview and Level Annotations

Branches:
Dungeon (4/15)
 Temple: D:4-7


Innate Abilities, Weirdness & Mutations

You have an increased reservoir of magic. (+10% MP)
You shall have no god before yourself.
Your divine heritage dramatically boosts your attributes as you level up.
You have sharp toenails.
You are very weak. (Str -4)


Message History

The scorpion is severely wounded.
The scorpion stings you.
You hit the scorpion but do no damage. Your kick misses the scorpion.
The scorpion is severely wounded.
The scorpion closely misses you. The scorpion barely misses you.
You hit the scorpion but do no damage.
You claw the scorpion, but do no damage.
The scorpion is severely wounded.
The scorpion stings you but does no damage.
You hit the scorpion. Your kick misses the scorpion.
The scorpion is severely wounded.
The scorpion stings you. x2
* * * LOW HITPOINT WARNING * * *
You are lethally poisoned!
The scorpion poisons you!
Casting: Searing Ray (safe; 2% risk of failure)
Confirm with . or Enter, or press ? or * to list all spells.
Aiming: Searing Ray (safe; 2% risk of failure)
Press: ? - help, Shift-Dir - straight line, f/p - scorpion
Aim: a scorpion (severely wounded, unable to see you, 79% to hit)
The searing ray misses the scorpion.
The searing ray hits the iguana!
You kill the iguana! (Press . to maintain the ray.)
* * * LOW HITPOINT WARNING * * *
You feel very sick. The scorpion stings you.
* * * LOW HITPOINT WARNING * * *
Unknown command.
You closely miss the scorpion.
You claw the scorpion, but do no damage.
The scorpion is severely wounded.
* * * LOW HITPOINT WARNING * * *
You feel very sick. The scorpion barely misses you. x2
Unknown command.
It was a potion of cancellation.
Your magical effects are unravelling.
You feel magically purged.
You flicker back into view.
You die...

.................##.#.#######.#.#
....)...............#.........#..
.........########################
#####)#................#
#.)......##########.# #........#
#.########## #.)......#
#...........
#.)......#####################
##.####..#..s@....<..#.......#
#.# #..#>#########.#.##..... #.#
#............#.#.##.##.# #.#
#.......####.#.#.##.##.#
#####.####......(# #.#.#.##.##..
.)).)............# #.#.#.##.####
###.)..###.#.....# #.#.#....# #
#....##..+.....# ##.#.#..#.# #
###....##..#.....###....#..#.# #


You could see a scorpion.

Vanquished Creatures
  An iguana (D:3)
  Robin (D:3)
  An adder (D:2)
  A dart slug (D:1)
  2 endoplasms
  2 giant cockroaches
  16 goblins
  7 hobgoblins
  6 jackals
  2 quokkas (D:2)
  A ball python (D:2)
  3 bats
  4 frilled lizards
  5 kobolds
  5 rats
57 creatures vanquished.

Notes
Turn   | Place    | Note
-------+----------+-------------------------------------------
     0 | D:1      | McKennaii the Demigod Conjurer began the quest for the Orb.
     0 | D:1      | Reached XP level 1. HP: 14/14 MP: 5/5
   501 | D:1      | Reached XP level 2. HP: 20/20 MP: 2/7
   504 | D:1      | Learned a level 2 spell: Searing Ray
   800 | D:1      | Reached skill level 4 in Conjurations
  1624 | D:2      | Reached XP level 3. HP: 26/26 MP: 1/9
  2429 | D:3      | Noticed Robin
  2481 | D:3      | Killed Robin
  2610 | D:3      | Reached XP level 4. HP: 33/33 MP: 9/11
  2615 | D:3      | Learned a level 4 spell: Iskenderun's Mystic Blast
  3334 | D:3      | Gained mutation: You have sharp toenails. [potion of
                  | mutation]
  3334 | D:3      | Gained mutation: You are weak. (Str -2) [potion of
                  | mutation]
  3334 | D:3      | Gained mutation: You are very weak. (Str -4) [potion of
                  | mutation]
  3343 | D:3      | HP: 1/33 [poisoned by a scorpion]
  3344 | D:3      | Succumbed to a scorpion's poison

Illustrated notes

Levels and vault maps discovered:
D:1:      psy_arrival_radial01, layout_loops_corners
D:2:      layout_loops_ring, basic_altar
D:3:      layout_basic, uniq_robin
D:4:      layout_basic, okawaru_metal_pillars_1_2, minmay_strange_pillars,
          uniq_duvessa, uniq_grinder

Skill      XL: |  1  2  3  4 |
---------------+-------------+-----
Spellcasting   | 2 3 |  3.1
Conjurations   | 4 |  4.6
Dodging        | |  1.7
Stealth        | |  1.7

Action                     |  1- 3 |  4- 6 || total
---------------------------+-------+-------++-------
  Melee: Staff             |    29 |    13 ||    42
         Kick              |       |     3 ||     3
   Cast: Magic Dart        |    78 |     7 ||    85
         Searing Ray       |     3 |     3 ||     6
    Use: Potion            |       |     4 ||     4
 Armour: Robe              |    41 |    24 ||    65
  Dodge: Dodged            |    49 |    11 ||    60
